 Dungeon Crawl Stone Soup version 0.31-a0-880-g9a209b2425 (webtiles) character file.

Game seed: 2488942052660862544

523 BinkBink the Chopper (level 7, -3/41 HPs)
             Began as a Gargoyle Monk on Oct 15, 2023.
             Was an Elder of Trog.
             Slain by an ogre
             ... wielding a +0 giant club
              (27 damage)
             ... on level 5 of the Dungeon.
             The game lasted 00:09:56 (5322 turns).

BinkBink the Chopper (Gargoyle Monk)                Turns: 5322, Time: 00:09:57

Health: -3/41      AC: 12    Str: 16    XL:     7   Next: 22%
Magic:  7/7        EV:  8    Int: 11    God:    Trog [****..]
Gold:   241        SH: 12    Dex: 12    Spells: 6/6 levels left

rFire   . . .        a - +0 hand axe
rCold   + . .        s - +0 tower shield
rNeg    + . .        k - +1 ring mail of the Unstoppable Youths {rCorr}
rPois   ∞            (no helmet)
rElec   +            t - scarf {repulsion}
rCorr   +            (no gloves)
SInv    .            m - +0 pair of boots
Will    .....        (no amulet)
Stlth   +            y - ring of protection from cold
HPRegen 0.26/turn    (no ring)
MPRegen 0.10/turn

%: repel missiles
@: no status effects
A: sickness immunity, AC +4, negative energy resistance 1, electricity
resistance, torment resistance 1, petrification resistance
a: Renounce Religion, Berserk, Trog's Hand, Brothers in Arms


You were on level 5 of the Dungeon.
You worshipped Trog.
Trog was greatly pleased with you.
You visited 1 branch of the dungeon, and saw 5 of its levels.
You also visited: Sewer.

You collected 241 gold pieces.

Inventory:

Hand Weapons
 a - a +0 hand axe (weapon)
Armour
 d - an orb of light
 k - the +1 ring mail of the Unstoppable Youths (worn) {rCorr}
   (You found it on level 2 of the Dungeon)

   rCorr:     It protects you from acid and corrosion.
 m - a +0 pair of boots (worn)
 s - a +0 tower shield (worn)
 t - a scarf of repulsion (worn)
Jewellery
 y - a ring of protection from cold (left hand)
Wands
 u - a wand of roots (4)
Scrolls
 e - a scroll of teleportation
 h - 2 scrolls of identify
 i - a scroll of amnesia
 o - a scroll of butterflies
 p - a scroll of immolation
 v - 4 scrolls of poison
 w - a scroll of silence
 x - a scroll of noise
Potions
 c - 7 potions of enlightenment
 g - a potion of brilliance
 j - 2 potions of attraction
 l - a potion of heal wounds
 n - a potion of cancellation
 q - a potion of magic
 r - a potion of experience


   Skills:
 - Level 3.2 Fighting
 * Level 5.1 Axes
 + Level 3.0 Armour
 + Level 3.7 Dodging
 * Level 3.3 Shields


You had 6 spell levels left.
You didn't know any spells.
Your spell library contained the following spells:

 Spells                   Type           Power      Damage    Failure   Level
 Blink                    Tloc           0%         N/A       100%        2
 Lesser Beckoning         Tloc           0%         N/A       100%        2
 Momentum Strike          Conj/Tloc      0%         3d8       100%        2
 Inner Flame              Hex/Fire       0%         N/A       100%        3
 Yara's Violent Unravell  Hex/Tmut       0%         3d3       100%        5
 Enfeeble                 Hex            0%         N/A       100%        7


Dungeon Overview and Level Annotations

Branches:
Dungeon (5/15)             Temple (0/1) D:4           Sewer (visited)

Altars:
Dithmenos
Trog

Shops:
D:3 (


Innate Abilities, Weirdness & Mutations

You are immune to sickness and miasma.
Your stone body is resilient. (AC +4)
You are immune to poison.
You resist negative energy. (rN+)
You are resistant to electric shocks. (rElec)
You are resistant to unholy torment.
You are immune to petrification.


Message History

You hit the adder.
You kill the adder!
Trog accepts your kill.
You can now call in reinforcements.
No target in view!
No target in view!
You now have 230 gold pieces (gained 9).
You see here the +2 robe of Zyefoext {rC+++ Str-3}.
You now have 241 gold pieces (gained 11).
You see here the +2 robe of Zyefoext {rC+++ Str-3}.
An ogre comes into view. It is wielding a +0 giant club.
The ogre shouts!
An ogre is nearby!
An ogre is nearby!
Found a dagger.
The ogre closely misses you.
You hit the ogre.
The ogre is lightly wounded.
The ogre hits you with a +0 giant club!
You hit the ogre.
The ogre is lightly wounded.
The ogre hits you with a +0 giant club.
You hit the ogre.
The ogre is moderately wounded.
The ogre closely misses you.
You closely miss the ogre.
The ogre is moderately wounded.
You hit the ogre.
The ogre is moderately wounded.
You block the ogre's attack.
You hit the ogre but do no damage.
The ogre is moderately wounded.
You block the ogre's attack.
You hit the ogre.
The ogre is moderately wounded.
You block the ogre's attack.
You hit the ogre.
The ogre is heavily wounded.
The ogre hits you with a +0 giant club!!
Ouch! That really hurt!
You die...

#..#§#§#.#.. .....
##..§§§§.§..# .....####
#...#§#§#.#.# ........
###...#.§§#..#
#.....###......#§#..#
#.....###...>....#
####.......#..##...####
..........##..##....).#
......O@.....##....†..#.
...........[.#........#.
.)...........##.....#...
.............##...###.#.
..##................# #.
. ####.........##..# #.
#.............###.
#....#............
......#............


You could see an ogre.

Vanquished Creatures
  A centaur (D:5)
  Terence (D:2)
  An iguana (D:4)
  3 orc wizards (D:4)
  7 river rats
  14 adders
  3 worms
  6 dart slugs
  6 orcs
  16 ball pythons
  7 endoplasms
  9 giant cockroaches
  3 goblins
  3 hobgoblins
  4 jackals (Sewer)
  5 kobolds
  6 quokkas
  14 bats
  6 frilled lizards
  3 rats
118 creatures vanquished.

Notes
Turn   | Place    | Note
-------+----------+-------------------------------------------
     0 | D:1      | BinkBink the Gargoyle Monk began the quest for the Orb.
     0 | D:1      | Reached XP level 1. HP: 14/14 MP: 1/1
    92 | D:1      | Reached skill level 3 in Axes
    92 | D:1      | Reached XP level 2. HP: 13/19 MP: 2/2
   926 | D:2      | Reached XP level 3. HP: 3/23 MP: 3/3
  1144 | D:2      | Identified the +1 ring mail of the Unstoppable Youths
                  | {rCorr}
  1349 | D:2      | Noticed Terence
  1361 | D:2      | HP: 1/23 [Terence/+0 hand axe (3)]
  1380 | D:2      | Killed Terence
  1381 | D:2      | Reached skill level 1 in Armour
  1381 | D:2      | Reached skill level 1 in Shields
  1381 | D:2      | Reached XP level 4. HP: 10/28 MP: 4/4
  2103 | D:2      | Found a bloodstained altar of Trog.
  2410 | D:2      | Became a worshipper of Trog the Wrathful
  2410 | D:2      | Reached * piety under Trog
  2410 | D:2      | Reached ** piety under Trog
  2636 | D:3      | Reached XP level 5. HP: 32/32 MP: 5/5
  2806 | D:3      | Reached skill level 4 in Axes
  2925 | D:3      | Found a glowing drain.
  2931 | Sewer    | Entered a sewer
  3303 | Sewer    | Reached XP level 6. HP: 30/37 MP: 6/6
  3305 | Sewer    | Reached *** piety under Trog
  3757 | D:3      | Found Sajur's Antique Weapon Emporium.
  4079 | D:3      | Found a faded altar of an unknown god.
  5024 | D:4      | Found a staircase to the Ecumenical Temple.
  5219 | D:5      | Entered Level 5 of the Dungeon
  5236 | D:4      | Reached skill level 5 in Axes
  5236 | D:4      | Reached XP level 7. HP: 41/41 MP: 7/7
  5289 | D:5      | Found a shadowy altar of Dithmenos.
  5295 | D:5      | Reached **** piety under Trog
  5307 | D:5      | Identified the +2 robe of Zyefoext {rC+++ Str-3}
  5322 | D:5      | Slain by an ogre

Illustrated notes

Levels and vault maps discovered:
D:1:      sevenhm_arrival_forest_fort_small_6, layout_loops_ring
D:2:      minmay_razor_zed, layout_basic, basic_altar, uniq_terence
D:3:      layout_loops_cross, chequers_ecumenical_altar_lobes, serial_shops,
          shop, gup_sewer_entry_bubbles
D:4:      layout_loops_ring, minmay_temple_entry_butterflies,
          kennysheep_generic_room_6
D:5:      layout_cave_pools, grunt_dithmenos_smoke_and_mirrors,
          minmay_manual_maat

Skill      XL: |  1  2  3  4  5  6  7 |
---------------+----------------------+-----
Axes           | 3 4 5 |  5.1
Armour         | 1 2 3 |  3.0
Dodging        | 3 |  3.7
Shields        | 1 2 3 |  3.3
Fighting       | |  3.2

Action                     |  1- 3 |  4- 6 |  7- 9 || total
---------------------------+-------+-------+-------++-------
  Melee: Hand axe          |    90 |   462 |    27 ||   579
    Use: Potion            |     4 |       |       ||     4
         Scroll            |       |    11 |       ||    11
 Armour: Robe              |    32 |       |       ||    32
         Skin              |    17 |       |       ||    17
         Ring mail         |    14 |   343 |    23 ||   380
  Dodge: Dodged            |    37 |   269 |     9 ||   315
  Block: Buckler           |     9 |    71 |       ||    80
         Tower shield      |       |    53 |    24 ||    77

Table legend: (Time is in decaauts)
 A = Elapsed time spent in this place.
 B = Non-inter-level travel time spent in this place.
 C = Inter-level travel time spent in this place.
 D = Time resting spent in this place.
 E = Time spent auto-exploring this place.
 F = Levels seen in this place.
 G = Mean time per level.
                   A        B        C        D        E       F      G
               +--------+--------+--------+--------+--------+-----+--------+
         Total |   5612 |   5203 |    409 |    667 |   3057 |   6 |  935.3 |
       Dungeon |   4649 |   4240 |    409 |    525 |   2769 |   5 |  929.8 |
         Sewer |    962 |    962 |      0 |    142 |    287 |   1 |  962.0 |
               +--------+--------+--------+--------+--------+-----+--------+

Top non-repeatable levels by time:
     D:2: 1665 daAuts
     D:3: 1060 daAuts
     D:4: 1014 daAuts
   Sewer: 962 daAuts
     D:1: 807 daAuts
     D:5: 102 daAuts
